Map: Neon Violet Square LE

Players

Juxtapose - Winner!

  • Race: Zerg Zerg
  • League: Gold
  • Spawn Location: 11:00

Loganvane

  • Race: Zerg Zerg
  • League: Silver
  • Spawn Location: 5:00

VOD

https://youtu.be/Uk_9q3pqj5o

Description

My opponent did some very good early harassing. Being Zerg vs Zerg I was expecting early Zerglings, but not this fast.

Such a fast tech to Mutalisks is not something I see too often either, and it's a good thing I Mutated a Lair when I did.

Time

  • Played on: Dec. 16, 2017, 7:16 p.m.
  • Length: 15:36
Show
View Real Time Build Order
Export as new Build Order

Juxtapose Zerg - Winner!

Build Orders: Hatch First 

Get SALT Encoding   

  12  0:01  Drone  
  13  0:09  Drone  
  14  0:18  Overlord  
  14  0:38  Drone x2  
  16  0:54  Drone  
  17  0:58  Hatchery  
  17  1:00  Extractor  
  17  1:02  Drone  
  16  1:15  Spawning Pool  
  15  1:20  Drone  
  16  1:27  Overlord  
  16  1:32  Drone  
  17  1:37  Drone  
  18  1:43  Drone  
  19  1:54  Drone  
  20  2:02  Queen  
  20  2:04  Zergling x2  
  23  2:11  Drone  
  24  2:16  Queen  
  26  2:23  Zergling x2  
  26  2:25  Drone  
  28  2:32  Zergling x2  
  29  2:41  Spine Crawler  
  27  2:52  Queen  
  27  2:56  Drone x3  
  28  3:01  Spine Crawler  
  28  3:03  Zergling x2  
  20  3:14  Zergling x4  
  20  3:19  Drone  
  20  3:27  Drone x3  
  23  3:39  Drone x2  
  25  3:42  Drone  
  26  3:54  Drone  
  26  3:55  Drone x2  
  29  3:56  Drone  
  30  4:13  Lair  
  30  4:18  Drone x3  
  33  4:26  Drone x3  
  33  4:30  Extractor, Drone  
  36  4:38  Roach Warren  
  35  4:56  Overlord x2  
  35  5:13  Queen  
  37  5:15  Spire  
  37  5:16  Drone  
  37  5:17  Drone x6  
  41  5:33  Queen  
  42  5:38  Hydralisk Den  
  41  5:43  Extractor  
  41  5:45  Extractor  
  39  5:51  Spore Crawler  
  38  5:58  Spore Crawler  
  38  5:59  Drone  
  38  6:00  Drone x3  
  41  6:21  Hydralisk x5  
  51  6:26  Overlord  
  51  6:33  Evolution Chamber  
  51  6:39  Drone x2  
  52  6:55  Overseer  
  52  7:03  Drone x3  
  52  7:04  Drone x3  
  52  7:06  Drone x2  
  52  7:07  Overlord x2  
  60  7:28  Hydralisk x3  
  60  7:29  Hydralisk x2  
  66  7:51  Drone x3  
  66  7:53  Queen  
  66  7:54  Hydralisk x3  
  66  7:57  Muscular Augments  
  72  8:09  Drone  
  72  8:12  Spore Crawler  
  70  8:18  Spore Crawler  
  69  8:24  Hydralisk x3  
  75  8:28  Spore Crawler  
  74  8:40  Overlord  
  74  8:42  Drone  
  75  8:50  Zerg Missile Weapons Level 1  
  75  9:11  Hydralisk x4  
  83  9:17  Overlord x2  
  83  9:22  Zerg Flyer Armor Level 1  
  83  9:34  Hatchery  
  66  9:40  Hydralisk x6  
  76  9:54  Roach x4  
  76  9:56  Drone  
  85  10:00  Overlord  
  85  10:08  Roach  
  85  10:09  Roach  
  85  10:13  Glial Reconstitution  
  89  10:37  Drone x6  
  89  10:38  Spine Crawler  
  89  10:39  Roach x2  
  72  10:50  Hydralisk  
  72  10:51  Hydralisk  
  76  11:00  Drone  
  76  11:03  Drone x6  
  83  11:19  Spore Crawler  
  83  11:21  Drone x4  
  83  11:25  Spine Crawler  
  85  11:44  Drone x5  
  85  11:45  Drone x5  
  85  11:46  Drone  
  96  11:52  Overlord  
  96  11:55  Hydralisk  
  96  12:04  Spore Crawler  
  93  12:17  Extractor  
  93  12:19  Extractor  
  93  12:22  Hydralisk x5  
  91  12:23  Hydralisk x5  
  91  12:28  Zerg Ground Armor Level 1  
  91  12:29  Mutalisk x2  
  111  12:30  Mutalisk  
  111  12:33  Zerg Flyer Weapons Level 1  
  117  12:39  Mutalisk x2  
  117  12:41  Overlord x2  
  121  13:07  Hatchery  
  120  13:13  Roach x4  
  120  13:14  Roach x3  
  120  13:18  Mutalisk x2  
  138  13:35  Hydralisk  
  122  13:46  Hydralisk x3  
  122  13:47  Hydralisk x2  
  122  13:48  Roach x4  
  136  14:07  Roach x2  
  134  14:32  Hydralisk x2  
  134  14:33  Hydralisk x5  
  142  14:51  Hydralisk x4  
Show
View Real Time Build Order
Export as new Build Order

Loganvane Zerg 

Build Orders: Pool First, Muta Ling Bane 

Get SALT Encoding   

  12  0:01  Drone  
  13  0:09  Drone  
  14  0:17  Extractor  
  14  0:18  Drone  
  15  0:32  Extractor  
  15  0:33  Extractor  
  13  0:36  Extractor  
  13  0:37  Drone x2  
  16  0:49  Spawning Pool  
  16  1:02  Extractor  
  15  1:13  Hatchery, Overlord  
  14  1:36  Zergling x6  
  14  1:39  Queen  
  19  1:49  Zergling x2  
  20  1:59  Drone  
  21  2:17  Lair  
  21  2:21  Overlord  
  22  2:22  Zergling x2  
  22  2:25  Drone  
  21  3:02  Drone  
  21  3:03  Drone x4  
  26  3:07  Queen  
  26  3:09  Drone x2  
  28  3:30  Drone x3  
  30  3:34  Spire  
  30  3:37  Drone x2  
  31  3:53  Drone x2  
  33  4:00  Extractor  
  32  4:07  Extractor  
  31  4:11  Spine Crawler  
  31  4:12  Drone  
  31  4:13  Drone  
  32  4:19  Spine Crawler  
  32  4:21  Drone x3  
  34  4:29  Queen  
  36  4:42  Overlord  
  36  4:47  Zerg Flyer Armor Level 1  
  36  4:57  Extractor  
  36  4:58  Drone  
  36  5:02  Mutalisk x2  
  40  5:16  Spine Crawler  
  39  5:26  Hatchery, Mutalisk x2  
  42  5:36  Mutalisk  
  42  5:40  Overlord x3  
  44  5:57  Overlord  
  44  5:59  Mutalisk  
  44  6:00  Drone  
  47  6:11  Mutalisk  
  47  6:14  Drone x2  
  47  6:15  Drone  
  52  6:22  Mutalisk x2  
  56  6:31  Zergling x2  
  56  6:32  Zergling x4  
  59  6:33  Zergling x2  
  59  6:35  Zergling x2  
  61  6:41  Zerg Flyer Weapons Level 1  
  61  6:42  Zergling x2  
  61  6:45  Mutalisk  
  64  6:49  Mutalisk  
  66  6:57  Mutalisk  
  68  7:02  Zergling x2  
  69  7:15  Zergling x2, Overlord  
  48  8:22  Baneling Nest  
  48  8:23  Zergling x6  
  48  8:26  Overseer  
  50  8:28  Queen  
  50  8:30  Zergling x6  
  55  8:35  Zergling x2, Mutalisk x2  
  60  8:51  Infestation Pit  
  60  8:52  Zerg Flyer Weapons Level 2  
  60  8:54  Mutalisk  
  61  8:59  Zergling x6  
  64  9:04  Zergling x4, Mutalisk  
  68  9:15  Baneling x5  
  68  9:16  Baneling  
  66  9:19  Centrifical Hooks  
  66  9:27  Baneling x7  
  66  9:28  Baneling x2  
  47  9:51  Zergling x6  
  50  9:55  Mutalisk x2  
  54  10:00  Drone  
  55  10:08  Mutalisk  
  43  10:51  Mutalisk x3  
  43  10:56  Mutalisk  
  43  10:57  Mutalisk x2  
  49  11:01  Mutalisk x2  
  59  11:04  Mutalisk  
  61  11:12  Mutalisk  
  61  11:16  Drone x2  
  65  11:29  Hive  
  66  11:32  Drone  
  66  11:52  Zergling x6  
  67  12:08  Mutalisk  
  65  12:21  Spine Crawler x2  
  65  12:22  Spine Crawler x2, Drone x5  
  67  12:23  Drone  
  67  12:29  Zergling x4  
  69  12:41  Greater Spire  
  69  12:44  Corruptor  
  69  12:50  Baneling x5  
  69  12:51  Baneling x2  
  71  12:52  Baneling  
  71  12:54  Baneling  
  71  12:55  Baneling  
  71  13:00  Drone x2  
  71  13:01  Drone  
  71  13:04  Extractor  
  73  13:10  Corruptor  
  59  13:47  Corruptor x3  
  64  13:53  Brood Lord  
  64  13:54  Brood Lord  
  65  13:59  Corruptor  
  53  14:15  Corruptor  
  53  14:16  Corruptor  
  23  15:02  Zergling x6  
Tags
 
Add a new tag
Caveats
  • Supply blocks, unpowered buildings, or Contaminate may cause inaccurate times.
  • Supply counts are checked every 10 seconds.